 Dungeon Crawl Stone Soup version 0.30.0-13-g156ef70053 (webtiles) character file.

Game seed: 3665029158285536134

130 Sabo the Trooper (level 5, 0/33 HPs)
             Began as a Kobold Berserker on May 17, 2023.
             Was a Believer of Trog.
             Slain by a gnoll
             ... wielding a +0 spear
              (9 damage)
             ... on level 3 of the Dungeon.
             The game lasted 00:13:53 (3044 turns).

Sabo the Trooper (Kobold Berserker)                 Turns: 3044, Time: 00:13:54

Health: 0/33       AC:  5    Str: 19    XL:     5   Next: 36%
Magic:  5/5        EV: 14    Int: 11    God:    Trog [**....]
Gold:   131        SH:  0    Dex: 15    Spells: 4/4 levels left

rFire   . . .        q - +6 dagger of the Thing {holy, *Noise +Blink rC++ Str+3 Int+3}
rCold   + + +        (no shield)
rNeg    + . .        c - +0 ring mail
rPois   .            (no helmet)
rElec   .            (no cloak)
rCorr   .            (no gloves)
SInv    .            (no boots)
Will    .....        (no amulet)
Stlth   ++           j - ring of protection from cold
HPRegen 0.25/turn    s - ring of positive energy
MPRegen 0.09/turn

%: no passive effects
@: no status effects
A: small, no large weapons, nightstalker 3
a: Renounce Religion, Evoke Blink, Berserk, Trog's Hand


You were on level 3 of the Dungeon.
You worshipped Trog.
Trog was pleased with you.
You visited 1 branch of the dungeon, and saw 3 of its levels.

You collected 131 gold pieces.

Inventory:

Hand Weapons
 a - a +0 hand axe
 e - a +0 heavy mace
 n - a +0 morningstar
 q - the +6 dagger of the Thing (weapon) {holy, *Noise +Blink rC++ Str+3 Int+3}
   (You took it off a kobold on level 2 of the Dungeon)

   Str:       It affects your strength (+3).
   Int:       It affects your intelligence (+3).
   rC:        It greatly protects you from cold.
   +Blink:    It lets you blink.
   *Noise:    It may make noises in combat.
Missiles
 d - 6 poisoned darts (quivered)
Armour
 c - a +0 ring mail (worn)
Jewellery
 j - a ring of protection from cold (left hand)
 s - a ring of positive energy (right hand)
 v - a +6 ring of intelligence
Wands
 t - a wand of flame (25)
Scrolls
 b - a scroll of fear {unknown}
 k - a scroll of blinking {unknown}
 m - a scroll of brand weapon {unknown}
 o - a scroll of teleportation {unknown}
 r - a scroll of poison {unknown}
 u - 3 scrolls of vulnerability {unknown}
 x - 2 scrolls of identify {unknown}
 y - a scroll of amnesia {unknown}
Potions
 f - a potion of brilliance {unknown}
 g - 4 potions of flight {unknown}
 h - 2 potions of mutation {unknown}
 i - 4 potions of might {unknown}
 l - 2 potions of heal wounds {unknown}
 p - a potion of magic {unknown}
 w - a potion of berserk rage {unknown}


   Skills:
 + Level 3.7 Fighting
 + Level 1.0 Short Blades
 + Level 2.8(3.1) Axes
 + Level 1.8(2.7) Maces & Flails
 + Level 2.3 Armour
 + Level 2.9 Dodging
 + Level 2.3 Stealth


You had 4 spell levels left.
You didn't know any spells.
Your spell library was empty.

Dungeon Overview and Level Annotations

Branches:
Dungeon (3/15)

Altars:


Innate Abilities, Weirdness & Mutations

You are small and have problems with some larger weapons.
You are completely attuned to the shadows.


Message History

a +0 robe; a jackal corpse The gnoll barely misses you.
You hit the gnoll.
The gnoll is lightly wounded.
A bat comes into view.
The gnoll hits you with a +0 halberd!
You hit the gnoll.
You hear a strangely pleasant explosion.
The gnoll is heavily wounded.
You hear a shout! x3
The gnoll barely misses you.
You closely miss the gnoll.
The gnoll is heavily wounded.
The bat completely misses you. The bat hits you but does no damage.
The gnoll hits you with a +0 halberd!
* * * LOW HITPOINT WARNING * * *
You hit the gnoll.
The gnoll is almost dead.
The bat hits you but does no damage. The gnoll barely misses you.
You puncture the gnoll!
You kill the gnoll!
Trog accepts your kill. The bat barely misses you.
The bat hits you but does no damage.
Your Short Blades skill increases to level 1!
Things that are here:
a +0 halberd; a gnoll corpse You barely miss the bat.
The bat hits you but does no damage.
You hit the bat but do no damage. The bat closely misses you.
The bat barely misses you.
A gnoll comes into view. It is wielding a +0 whip.
The bat barely misses you.
You see here a worm corpse.
A gnoll comes into view. It is wielding a +0 spear.
The bat hits you but does no damage.
Things that are here:
a +0 halberd; a gnoll corpse The gnoll misses you. x2
You closely miss the gnoll. The bat misses you.
The gnoll hits you from afar with a +0 spear!
You die...

############ #..........#
#......)...# ###
#..##..##'## ..#
#'######..## #.# .. #...#
K#[b8######.# ..##
#...#.S##†)@gg..'.# ....
##..#.$##.......#.####
#.#.#
##..'.$#..8######....#
#.... #...####..#### ####.#
###.. #...#.†##'#..# #.#
##. ##..#........#
#.######. #..#..).....#
#.##....>
#..'..####..#######.##.####
#..#### ####.......##.#


You could see 2 gnolls and a bat.

Vanquished Creatures
  A hound (D:3)
  A gnoll (D:3)
  3 adders
  2 worms (D:3)
  2 dart slugs
  4 orcs (D:2)
  6 ball pythons
  2 endoplasms
  2 giant cockroaches
  4 goblins
  3 hobgoblins
  3 jackals
  4 quokkas
  6 bats
  A frilled lizard (D:1)
  8 kobolds
  A rat (D:1)
53 creatures vanquished.

Notes
Turn   | Place    | Note
-------+----------+-------------------------------------------
     0 | D:1      | Sabo the Kobold Berserker began the quest for the Orb.
     0 | D:1      | Reached XP level 1. HP: 14/14 MP: 1/1
   175 | D:1      | Reached XP level 2. HP: 16/19 MP: 2/2
   543 | D:1      | Reached XP level 3. HP: 23/23 MP: 3/3
   686 | D:1      | Reached ** piety under Trog
  1035 | D:2      | Reached skill level 1 in Maces & Flails
  1134 | D:2      | Reached skill level 1 in Stealth
  1326 | D:2      | Reached XP level 4. HP: 19/29 MP: 4/4
  1462 | D:2      | Identified the +6 dagger of the Thing {holy, *Noise +Blink
                  | rC++ Str+3 Int+3}
  3003 | D:3      | Reached XP level 5. HP: 30/33 MP: 5/5
  3038 | D:3      | Reached skill level 1 in Short Blades
  3044 | D:3      | Slain by a gnoll

Illustrated notes

Levels and vault maps discovered:
D:1:      mrwooster_arrival_statue, layout_rooms
D:2:      layout_basic
D:3:      minmay_chambers_of_twos, layout_basic, portal_sewer_entry_b

Skill      XL: |  1  2  3  4  5 |
---------------+----------------+-----
Maces & Flails | 1 |  1.8
Stealth        | 1 2 |  2.3
Armour         | 2 |  2.3
Short Blades   | 1 |  1.0
Fighting       | |  3.7
Axes           | |  2.8
Dodging        | |  2.9

Action                     |  1- 3 |  4- 6 || total
---------------------------+-------+-------++-------
  Melee: Hand axe          |    17 |       ||    17
         Mace              |    47 |       ||    47
         Morningstar       |    21 |     5 ||    26
         Dagger            |       |    63 ||    63
         Punch             |       |     2 ||     2
   Stab: Sleeping          |     5 |     1 ||     6
         Distracted        |       |     1 ||     1
 Armour: Ring mail         |    49 |    18 ||    67
  Dodge: Dodged            |    95 |    46 ||   141
